 Dungeon Crawl Stone Soup version 0.18.1-48-g4cf74bf (webtiles) character file.

60 Gargoyl the Skirmisher (level 3, 0/30 HPs)
             Began as a Demonspawn Abyssal Knight on Aug 29, 2016.
             Was a Believer of Lugonu.
             Succumbed to Ijyb's poison
             ... on level 2 of the Dungeon.
             The game lasted 00:03:04 (1181 turns).

Gargoyl the Skirmisher (Demonspawn Abyssal Knight)  Turns: 1181, Time: 00:03:04

Health: 0/30       AC: 16    Str: 10 (13) XL:     3   Next: 82%
Magic:  4/4        EV:  3    Int: 11 (13) God:    Lugonu [**....]
Gold:   108        SH:  0    Dex: 10 (12) Spells: 0 memorised, 2 levels left

rFire  . . .     SeeInvis .     e - +1 scimitar (protect)
rCold  . . .     Gourm    .     s - +0 plate armour
rNeg   . . .     Faith    .     (no shield)
rPois  .         Spirit   .     (no helmet)
rElec  .         Dismiss  .     (no cloak)
rCorr  .         Reflect  .     (no gloves)
SustAt .         Harm     .     (no boots)
MR     .....                    (no amulet)
Stlth  ..........               (no ring)
                                (no ring)

@: lethally poisoned (0 -> -36), not resistant to hostile enchantments,
extremely unstealthy
A: talons 1, repulsion field 1
a: Depart the Abyss, Bend Space, Renounce Religion


You were on level 2 of the Dungeon.
You worshipped Lugonu.
Lugonu was pleased with you.
You were hungry.

You visited 1 branch of the dungeon, and saw 2 of its levels.
You visited the Abyss 1 time.

You collected 108 gold pieces.

Inventory:

Hand Weapons
 a - a +1 hand axe
 e - a +1 scimitar of protection (weapon)
Armour
 s - a +0 plate armour (worn)
Wands
 d - a wand of confusion (25/48)
Scrolls
 b - a scroll of recharging {unknown}
 f - 8 scrolls of identify {unknown}
 h - 2 scrolls of teleportation {unknown}
 k - a scroll of enchant armour {unknown}
 m - 2 scrolls of enchant weapon {unknown}
 n - a scroll of random uselessness {unknown}
 o - a scroll of blinking {unknown}
 q - a scroll of noise {unknown}
Potions
 g - 2 potions of curing {unknown}
 i - a potion of might {unknown}
 l - a potion of heal wounds {unknown}
 p - a potion of lignification {unknown}
Comestibles
 c - 2 bread rations


   Skills:
 + Level 3.7 Fighting
 + Level 1.0 Long Blades
 + Level 1.8 Axes
 * Level 2.5 Armour
 + Level 1.2 Dodging
 + Level 2.6 Invocations


You had 2 spell levels left.
You didn't know any spells.

Dungeon Overview and Level Annotations

Branches:
Dungeon (2/15)

Altars:
The Shining One

Annotations:
D:2 Ijyb


Innate Abilities, Weirdness & Mutations

You have sharp toenails.
You are surrounded by a mild repulsion field (EV +2).


Message History

You feel very sick. Ijyb hits you but does no damage.
You completely miss Ijyb.
Ijyb is heavily wounded.
* * * LOW HITPOINT WARNING * * *
You feel very sick. Ijyb hits you with a dagger of venom.
* * * LOW HITPOINT WARNING * * *
You closely miss Ijyb. Your kick misses Ijyb.
Ijyb is heavily wounded.
* * * LOW HITPOINT WARNING * * *
You feel very sick. Ijyb hits you but does no damage.
Ijyb screams, "Me very upset!"
Ijyb hits you but does no damage.
Drink which item? (? for menu, Esc to quit)
It was a potion of degeneration.
There was something very wrong with that liquid.
You feel weakened.
You feel dopey.
You feel clumsy.
You die...

......# #...#.###
#..... ......#
#.......# ##'#..
....###
#.......####.#..
....###
#....#......<#..
......#
####...#.....#.#..
......#
#......+...#.#.#..
......#
#####.#....##.##.#.###
#######
#.....................
#.##.@########.#†.....
#.g# #.#...... #..#
#........ #..#
##....... #..#
#....... #..# ##......
#..##########.)....
..............#+###
##########....#


You could see Ijyb.

Vanquished Creatures
  An ooze (D:2)
  A worm (D:2)
  4 dart slugs
  A giant gecko (D:1)
  A giant cockroach (D:2)
  7 goblins
  9 hobgoblins
  2 jackals (D:2)
  4 bats
  2 giant newts (D:2)
  4 kobolds
  8 rats
44 creatures vanquished.

Notes
Turn   | Place    | Note
--------------------------------------------------------------
     0 | Abyss:1  | Gargoyl the Demonspawn Abyssal Knight began the quest for the Orb.
     0 | Abyss:1  | Reached XP level 1. HP: 18/18 MP: 2/2
    92 | Abyss:3  | Noticed a basilisk
    92 | D:1      | Escaped the Abyss
   106 | D:1      | Reached * piety under Lugonu
   186 | D:1      | Reached skill level 1 in Dodging
   219 | D:1      | Gained mutation: You are surrounded by a mild repulsion field (EV +2). [demonic ancestry]
   219 | D:1      | Reached XP level 2. HP: 24/24 MP: 3/3
   621 | D:2      | Gained mutation: You have sharp toenails. [demonic ancestry]
   621 | D:2      | Reached XP level 3. HP: 29/29 MP: 4/4
   717 | D:2      | Reached ** piety under Lugonu
  1129 | D:2      | Found a glowing golden altar of the Shining One.
  1156 | D:2      | Reached skill level 1 in Long Blades
  1170 | D:2      | Noticed Ijyb
  1181 | D:2      | Succumbed to Ijyb's poison

Skill      XL: |  1  2  3 |
---------------+----------+-----
Dodging        | 1 |  1.2
Armour         | 2 |  2.5
Long Blades    | 1 |  1.0
Fighting       | |  3.7
Axes           | |  1.8
Invocations    | |  2.6

Action                   || total
-------------------------++-------
Melee: Scimitar          ||   160
       Kick              ||    20
Invok: Depart the Abyss  ||     1
  Use: Potion            ||     1
  Eat: Chunk             ||     1
Armor: Leather armour    ||     3
       Chain mail        ||   167
       Plate armour      ||     9
Dodge: Dodged            ||   110
